 Dungeon Crawl Stone Soup version 0.30.2 (webtiles) character file.

Game seed: 1773808314585420223

3488 porpoise the Skirmisher (level 10, -2/79 HPs)
             Began as a Human Hunter on Feb 17, 2024.
             Was a Follower of Fedhas.
             Slain by Amaemon
             ... wielding a -1 demon whip of venom
              (7 damage)
             ... on level 8 of the Dungeon.
             The game lasted 00:22:28 (6938 turns).

porpoise the Skirmisher (Human Hunter)              Turns: 6938, Time: 00:22:28

Health: -2/79      AC:  6    Str: 11    XL:     10   Next: 27%
Magic:  10/10      EV: 11    Int: 10    God:    Fedhas [*.....]
Gold:   195        SH:  5    Dex: 21    Spells: 9/9 levels left

rFire   . . .        b - +2 short sword (venom)
rCold   . . .        (no shield)
rNeg    . . .        Q - +0 ring mail
rPois   +            (no helmet)
rElec   .            (no cloak)
rCorr   .            D - +0 pair of gloves
SInv    .            (no boots)
Will    .....        y - amulet of reflection
Stlth   +++          d - ring of poison resistance
HPRegen 0.33/turn    t - +4 ring of slaying
MPRegen 0.12/turn

%: reflection
@: lethally poisoned (-2 -> -3)
A: no striking features
a: Renounce Religion


You were on level 8 of the Dungeon.
You worshipped Fedhas.
Fedhas was aware of your devotion.
You visited 2 branches of the dungeon, and saw 9 of its levels.

You collected 524 gold pieces.
You spent 329 gold pieces at shops.

Inventory:

Hand Weapons
 a - a +4 sling of draining
 b - a +2 short sword of venom (weapon)
 P - a +2 dagger of draining
Missiles
 h - 6 boomerangs of dispersal
 j - 8 poisoned darts
 r - 5 javelins
 u - 12 boomerangs
 w - a throwing net
Armour
 D - a +0 pair of gloves (worn)
 Q - a +0 ring mail (worn)
Magical Staves
 M - a staff of earth
Jewellery
 d - a ring of poison resistance (left hand)
 f - a ring of flight
 t - a +4 ring of slaying (right hand)
 y - an amulet of reflection (around neck)
 C - a +6 ring of strength
Wands
 F - a wand of acid (17)
 H - a wand of roots (7)
 N - a wand of flame (27)
 O - a wand of polymorph (6)
Scrolls
 e - 3 scrolls of identify
 g - a scroll of blinking
 k - a scroll of fear
 m - a scroll of fog {unknown}
 o - 2 scrolls of teleportation {unknown}
 s - 2 scrolls of poison
 v - 2 scrolls of immolation
 z - 3 scrolls of magic mapping
 A - 7 scrolls of enchant weapon
 E - a scroll of enchant armour
 G - 2 scrolls of amnesia {unknown}
Potions
 i - a potion of attraction
 l - a potion of haste
 n - a potion of lignification
 p - a potion of ambrosia
 q - a potion of might
 x - a potion of flight
 B - a potion of brilliance
 I - a potion of magic
 J - a potion of heal wounds
 K - 5 potions of curing
 L - a potion of cancellation


   Skills:
 - Level 7.0 Fighting
 * Level 12.0 Ranged Weapons
 + Level 0.5 Armour
 - Level 2.0 Dodging
 - Level 5.0 Stealth
 + Level 0.5 Invocations


You had 9 spell levels left.
You didn't know any spells.
Your spell library contained the following spells:

 Spells                   Type           Power      Damage    Failure   Level
 Apportation              Tloc           0%         N/A       67%         1
 Beastly Appendage        Tmut           0%         N/A       67%         1
 Necrotise                Necr           0%         1d4       67%         1
 Summon Small Mammal      Summ           0%         N/A       67%         1
 Wereblood                Tmut           0%         N/A       80%         2
 Inner Flame              Hex/Fire       0%         N/A       95%         3
 Spider Form              Tmut/Pois      0%         N/A       95%         3
 Volatile Blastmotes      Fire/Tloc      0%         2d10      95%         3
 Fulminant Prism          Conj/Hex       0%         3d5       100%        4
 Iskenderun's Mystic Bla  Conj/Tloc      0%         2d3       100%        4
 Lee's Rapid Deconstruct  Erth           0%         3d4*      100%        5
 Yara's Violent Unravell  Hex/Tmut       0%         3d3       100%        5
 Enfeeble                 Hex            0%         N/A       100%        7


Dungeon Overview and Level Annotations

Branches:
Dungeon (8/15)             Temple (1/1) D:7
   Lair: D:8-11

Altars:
Ashenzari
Cheibriados
Dithmenos
Elyvilon
Fedhas
Gozag
Kikubaaqudgha
Makhleb
Nemelex Xobeh
Qazlal
Ru
Sif Muna
Trog
Uskayaw
Vehumet
Wu Jian
Xom
Yredelemnul
Zin
The Shining One

Shops:
D:3 (   D:4 !   D:6 !

Annotations:
D:4 3 runed translucent doors, porpoise's ghost, amateur HuHu
D:7 dig
D:8 Amaemon


Message History

Press: ? - help, Q - select action, (/) - cycle Shift-Dir - straight line, f/p - Amaemon
Aim: Amaemon, wielding a -1 demon whip of venom (heavily wounded, lightly drained, 70% to hit)
You shoot a sling bullet. The sling bullet hits Amaemon!
Amaemon is heavily wounded.
You feel sick.
Amaemon hits you with a -1 demon whip of venom.
Amaemon claws you but does no damage. Amaemon closely misses you.
The orange demon stings you from afar!
* * * LOW HITPOINT WARNING * * *
Fire: a) +4 sling (drain)
Press: ? - help, Q - select action, (/) - cycle Shift-Dir - straight line, f/p - Amaemon
Aim: Amaemon, wielding a -1 demon whip of venom (heavily wounded, lightly drained, 70% to hit)
You shoot a sling bullet. The sling bullet hits Amaemon!
Amaemon is severely wounded.
You feel sick.
You block Amaemon's attack. x2; Amaemon tail-slaps you.
* * * LOW HITPOINT WARNING * * *
The orange demon closely misses you.
Fire: a) +4 sling (drain)
Press: ? - help, Q - select action, (/) - cycle Shift-Dir - straight line, f/p - Amaemon
Aim: Amaemon, wielding a -1 demon whip of venom (severely wounded, lightly drained, 70% to hit)
You shoot a sling bullet. The sling bullet barely misses Amaemon.
You feel sick. Amaemon closely misses you. You block Amaemon's attack.
Amaemon misses you. The orange demon closely misses you.
Fire: a) +4 sling (drain)
Press: ? - help, Q - select action, (/) - cycle Shift-Dir - straight line, f/p - Amaemon
Aim: Amaemon, wielding a -1 demon whip of venom (severely wounded, lightly drained, 70% to hit)
You shoot a sling bullet. The sling bullet hits Amaemon.
Amaemon is severely wounded.
You feel sick.
Your +2 short sword of venom begins to drip with poison!
b - a +2 short sword of venom (weapon)
Amaemon gestures at the orange demon while chanting.
The orange demon seems to grow toxic.
The orange demon stings you from afar!
* * * LOW HITPOINT WARNING * * *
You closely miss Amaemon.
Amaemon is severely wounded.
You feel sick.
Amaemon hits you with a -1 demon whip of venom!
You die...
Fedhas appreciates your contribution to the ecosystem.

#############
#...........#
#....<......#
#...........#
#..........)#
###########@#
....[...64...#
.........))..#
.............#
.............+
.............#
......########
......


You could see Amaemon (drained) and an orange demon (curare).

Vanquished Creatures
  A two-headed ogre (D:7)
  Pikel (D:6)
  A kobold demonologist (D:7)
  Grinder (D:6)
  Prince Ribbit (D:5)
  Duvessa (D:6)
  2 water moccasins
  A black bear (D:5)
  An orc warrior (D:7)
  2 centaurs (D:6)
  A phantom (D:6)
  A kobold brigand (D:7)
  2 lemures (D:6)
  A scorpion (D:6)
  Dowan (D:6)
  A howler monkey (D:6)
  A gnoll bouda (D:5)
  A jelly (D:5)
  4 orc priests
  5 hounds
  3 sleepcaps
  4 iguanas
  5 orc wizards
  Terence (D:2)
  4 adders
  5 gnolls
  An ufetubus (D:5)
  4 worms
  4 dart slugs
  26 orcs
  3 bats
  4 endoplasms
  3 giant cockroaches
  7 goblins
  2 hobgoblins
  11 jackals
  4 quokkas
  6 ball pythons
  2 frilled lizards
  14 kobolds
  7 rats
150 creatures vanquished.

Notes
Turn   | Place    | Note
-------+----------+-------------------------------------------
     0 | D:1      | porpoise the Human Hunter began the quest for the Orb.
     0 | D:1      | Reached XP level 1. HP: 16/16 MP: 1/1
   178 | D:1      | Reached XP level 2. HP: 22/22 MP: 2/2
   279 | D:1      | Reached XP level 3. HP: 28/28 MP: 3/3
   942 | D:2      | Reached XP level 4. HP: 34/34 MP: 4/4
  1021 | D:2      | Noticed Terence
  1032 | D:2      | Killed Terence
  1033 | D:2      | Reached skill level 5 in Ranged Weapons
  1125 | D:2      | Reached XP level 5. HP: 40/40 MP: 5/5
  1924 | D:3      | Found a stormy altar of Qazlal.
  2208 | D:3      | Found Janoapn's Weapon Boutique.
  2277 | D:3      | Found a glowing silver altar of Zin.
  2739 | D:4      | Found a runed translucent gate.
  2740 | D:4      | Found a runed translucent gate.
  2742 | D:4      | Found a runed translucent gate.
  2760 | D:4      | Noticed porpoise's ghost (amateur HuHu)
  2775 | D:4      | Reached XP level 6. HP: 42/47 MP: 6/6
  2965 | D:4      | Found a snail-covered altar of Cheibriados.
  2986 | D:4      | Found Qefya's Distillery.
  3107 | D:3      | Bought a +3 sling of draining for 197 gold pieces
  3681 | D:5      | Entered Level 5 of the Dungeon
  3763 | D:5      | Reached skill level 6 in Ranged Weapons
  3914 | D:5      | Reached XP level 7. HP: 50/53 MP: 7/7
  4000 | D:5      | Noticed a water moccasin
  4009 | D:5      | Killed a water moccasin
  4117 | D:5      | Noticed Prince Ribbit
  4133 | D:5      | Killed Prince Ribbit
  4134 | D:5      | Reached skill level 7 in Ranged Weapons
  4134 | D:5      | Reached XP level 8. HP: 60/61 MP: 8/8
  4534 | D:5      | Found a burning altar of Makhleb.
  4536 | D:5      | Noticed a balrug
  4605 | D:6      | Reached skill level 5 in Stealth
  4644 | D:6      | Noticed Duvessa
  4647 | D:6      | Noticed Dowan
  4653 | D:6      | Killed Duvessa
  4654 | D:6      | Reached skill level 5 in Fighting
  4654 | D:6      | Reached skill level 8 in Ranged Weapons
  4660 | D:6      | Killed Dowan
  4832 | D:6      | Noticed Pikel
  4834 | D:6      | Noticed Grinder
  4856 | D:6      | Killed Pikel
  4857 | D:6      | Reached skill level 9 in Ranged Weapons
  4857 | D:6      | Reached XP level 9. HP: 65/69 MP: 9/9
  4863 | D:6      | Killed Grinder
  5082 | D:6      | Found Xathiq's Distillery.
  5110 | D:6      | Bought a potion of heal wounds for 60 gold pieces
  5110 | D:6      | Bought 2 potions of curing for 72 gold pieces
  5404 | D:6      | Reached skill level 10 in Ranged Weapons
  5904 | D:7      | Found a sacrificial altar of Ru.
  5953 | D:7      | Found a staircase to the Ecumenical Temple.
  6003 | Temple   | Entered the Ecumenical Temple
  6088 | Temple   | Became a worshipper of Fedhas Madash
  6146 | D:7      | Noticed a kobold demonologist
  6155 | D:7      | Killed a kobold demonologist
  6352 | D:7      | Reached skill level 11 in Ranged Weapons
  6352 | D:7      | Reached XP level 10. HP: 79/79 MP: 10/10
  6395 | D:7      | Found a white marble altar of Elyvilon.
  6417 | D:7      | Noticed a two-headed ogre
  6433 | D:7      | Killed a two-headed ogre
  6434 | D:7      | Reached skill level 12 in Ranged Weapons
  6922 | D:8      | Reached * piety under Fedhas
  6925 | D:8      | Noticed Amaemon
  6932 | D:8      | Noticed an orange demon
  6938 | D:8      | Slain by Amaemon

Illustrated notes

Levels and vault maps discovered:
D:1:      saegor_arrival_miasma, layout_basic, dk_noncrumbling_3,
          minmay_statues_item, minmay_tripent
D:2:      layout_rooms, eino_tiny_chamber, uniq_terence
D:3:      layout_loops_cross, zin_statuary, mainiacjoe_overflow_chevrons,
          serial_shops, shop, serial_bayou_pond_a,
          hangedman_abyss_or_decor_stabs, kennysheep_cross_bottleneck,
          hangedman_decor_lopped, grunt_ministairs_2
D:4:      layout_layer_cave, kennysheep_slug_shrine, serial_shops, shop_coins,
          gammafunk_ghost_necromancy
D:5:      black_bear_nest_2, layout_loops_cross, makhleb_altar_promises_db,
          uniq_prince_ribbit1
D:6:      layout_loops_ring, serial_shops, shop, minmay_pentangle, uniq_grinder,
          uniq_pikel, uniq_duvessa
D:7:      cheibrodos_quashed, layout_cave_pods, nicolae_overflow_crystal_walls,
          lemuel_crystal_altar, minmay_temple_entry_steel_oval
D:8:      layout_gridville, worldfamousw_hep_ancestral_shrine, kennysheep_mini,
          uniq_amaemon
Temple:   zaba_magenta_temple

Skill      XL: |  1  2  3  4  5  6  7  8  9 10 |
---------------+-------------------------------+-----
Stealth        | 2 3 4 5 |  5.0
Ranged Weapons | 5 6 7 9 11 12 | 12.0
Fighting       | 3 4 6 7 |  7.0
Armour         | |  0.5
Dodging        | |  2.0
Invocations    | |  0.5

Action                     |  1- 3 |  4- 6 |  7- 9 | 10-12 || total
---------------------------+-------+-------+-------+-------++-------
  Melee: Short sword       |       |     2 |     6 |     1 ||     9
         Punch             |       |       |     1 |       ||     1
   Fire: Shortbow          |    98 |   130 |       |       ||   228
         Sling             |       |    28 |   165 |    44 ||   237
    Use: Potion            |       |     1 |       |       ||     1
         Scroll            |       |     7 |     8 |     1 ||    16
 Armour: Leather armour    |    14 |     9 |    12 |       ||    35
         Ring mail         |       |       |       |     3 ||     3
  Dodge: Dodged            |    35 |    35 |    39 |    15 ||   124
  Block: Other             |       |     2 |    20 |     7 ||    29
